 Dungeon Crawl Stone Soup version 0.21.0-3-g78d12a8 (webtiles) character file.

252 Inarius the Chiller (level 5, -5/40 HPs)
             Began as a Draconian Ice Elementalist on Jan 9, 2018.
             Killed from afar by an orc (21 damage)
             ... with a wand of acid (4)
             ... on level 4 of the Dungeon.
             The game lasted 00:08:32 (3438 turns).

Inarius the Chiller (Draconian Ice Elementalist)    Turns: 3438, Time: 00:08:33

Health: -5/40      AC:  7    Str: 10    XL:     5   Next: 89%
Magic:  1/10       EV: 13    Int: 16    God:
Gold:   215        SH:  0    Dex: 12    Spells: 2/10 levels left

rFire    + . .     SeeInvis .   s - +1 short sword (flame)
rCold    x . .     Gourm    .   (no shield)
rNeg     . . .     Faith    .   (armour unavailable)
rPois    .         Spirit   .   (helmet restricted)
rElec    .         Reflect  .   (no cloak)
rCorr    .         Harm     .   k - +0 pair of gloves
MR       .....                  (no boots)
Stlth    ++........             o - amulet of rage
HPRegen  0.13/turn              d - ring of fire
MPRegen  0.12/turn              (no ring)

@: icy armour, corroded, slow
A: unfitting armour, cold-blooded, AC +5
a: Evoke Berserk Rage


You were on level 4 of the Dungeon.
You were not hungry.

You visited 1 branch of the dungeon, and saw 4 of its levels.

You collected 215 gold pieces.

Inventory:

Hand Weapons
 s - a +1 short sword of flaming (weapon)
Armour
 j - a +0 shield
 k - a +0 pair of gloves (worn)
Jewellery
 d - a ring of fire (left hand)
 o - an amulet of rage (around neck)
Scrolls
 c - a scroll of teleportation {unknown}
 e - 2 scrolls of remove curse
 f - 2 scrolls of enchant armour {unknown}
 h - 5 scrolls of identify {unknown}
 i - a scroll of fog {unknown}
 l - 2 scrolls of immolation
 r - a scroll of enchant weapon {unknown}
 t - a scroll of magic mapping {unknown}
Potions
 g - 3 potions of lignification {unknown}
 m - a potion of magic {unknown}
 n - a potion of curing {unknown}
 p - a potion of might {unknown}
Books
 a - a book of Frost

   Spells                             Type                      Level
   a - Freeze                         Ice                          1
   b - Throw Frost                    Conjuration/Ice              2
   c - Ozocubu's Armour               Charms/Ice                   3
   d - Throw Icicle                   Conjuration/Ice              4
   e - Summon Ice Beast               Ice/Summoning                4
Comestibles
 b - 6 rations
 q - 11 chunks of flesh


   Skills:
 + Level 1.0 Fighting
   Level 0.2 Maces & Flails
 + Level 2.8 Dodging
 - Level 1.7 Stealth
 + Level 0.2 Shields
 + Level 3.3 Spellcasting
 + Level 1.0 Conjurations
 * Level 1.2 Charms
 * Level 4.7 Ice Magic


You had 2 spell levels left.
You knew the following spells:

 Your Spells              Type           Power        Failure   Level  Hunger
a - Freeze                Ice            ###.         2%          1    None
b - Ozocubu's Armour      Chrm/Ice       ##......     16%         3    ###....
c - Throw Icicle          Conj/Ice       ##......     50%         4    ####...


Dungeon Overview and Level Annotations

Branches:
Dungeon (4/15)
 Temple: D:4-7

Altars:
Elyvilon
Sif Muna


Innate Abilities, Weirdness & Mutations

Your plain brown scales are hard. (AC +5)
You cannot fit into any form of body armour.
You are cold-blooded and may be slowed by cold attacks.


Message History

You don't have enough magic to cast that spell.
Unknown command.
You hit the iguana. You burn the iguana.
You tail-slap the iguana, but do no damage.
The iguana is severely wounded.
The iguana bites you but does no damage.
You closely miss the iguana.
Your tail-slap misses the iguana.
The iguana is severely wounded.
The iguana closely misses you.
You barely miss the iguana.
The iguana is severely wounded.
The iguana barely misses you.
You hit the iguana but do no damage.
The iguana is severely wounded.
The orc closely misses you. The orc hits you but does no damage.
You barely miss the iguana.
The iguana is severely wounded.
The iguana barely misses you.
The orc zaps a wand.
The bolt of acid hits you!
Ouch! That really hurt!
You die...

###.....###......#
##.....## #......##
......## #.......##
#....## ##...###..## #
###...# ##(..## ##..##
... ##..###...##
##...##....# #..##)...#
#.........# #....)..##
##o.......## #<..))..#
#@l(#........ #.......#
#...##........
#......##
#..........##.. #
#...#...##...........#
. #
#...###...............#
.....##
#...########..## #...#
##.## #.# ##.. #.# .#


You could see an iguana and an orc.

Vanquished Creatures
  A bullfrog skeleton (D:4)
  An orc wizard (D:3)
  Robin (D:2)
  4 adders
  An ooze (D:1)
  2 worms (D:2)
  3 dart slugs
  A leopard gecko (D:3)
  15 orcs
  6 giant cockroaches
  21 goblins
  13 hobgoblins
  7 jackals
  10 kobolds
  A ball python (D:3)
  10 bats
  4 frilled lizards
  5 rats
106 creatures vanquished.

Notes
Turn   | Place    | Note
-------+----------+-------------------------------------------
     0 | D:1      | Inarius the Draconian Ice Elementalist began the quest for the Orb.
     0 | D:1      | Reached XP level 1. HP: 14/14 MP: 3/3
   383 | D:1      | Reached XP level 2. HP: 20/20 MP: 3/5
   797 | D:1      | Reached XP level 3. HP: 26/26 MP: 1/6
  1389 | D:2      | Learned a level 3 spell: Ozocubu's Armour
  1891 | D:2      | Reached XP level 4. HP: 34/34 MP: 4/8
  1923 | D:2      | Reached skill level 4 in Ice Magic
  2037 | D:2      | Noticed Robin
  2075 | D:2      | Killed Robin
  2119 | D:2      | Found a white marble altar of Elyvilon.
  2568 | D:3      | Found a deep blue altar of Sif Muna.
  2574 | D:3      | Learned a level 4 spell: Throw Icicle
  2609 | D:3      | Reached XP level 5. HP: 39/39 MP: 9/9
  2678 | D:3      | Reached skill level 1 in Charms
  3225 | D:4      | Reached skill level 1 in Fighting
  3438 | D:4      | Killed from afar by an orc

Skill      XL: |  1  2  3  4  5 |
---------------+----------------+-----
Dodging        | 2 |  2.8
Ice Magic      | 4 |  4.7
Spellcasting   | 3 |  3.3
Charms         | 1 |  1.2
Fighting       | 1 |  1.0
Maces & Flails | |  0.2
Stealth        | |  1.7
Shields        | |  0.2
Conjurations   | |  1.0

Action                   |  1- 3 |  4- 6 || total
-------------------------+-------+-------++-------
Melee: Unarmed           |    12 |       ||    12
       Tailslap          |     7 |    14 ||    21
       Mace              |    12 |       ||    12
       Hand axe          |    12 |       ||    12
       Short sword       |    33 |   154 ||   187
 Cast: Freeze            |    44 |    51 ||    95
       Ozocubu's Armour  |       |     4 ||     4
  Use: Scroll            |     3 |       ||     3
 Stab: Sleeping          |     2 |     2 ||     4
  Eat: Chunk             |     3 |     6 ||     9
Armor: Skin              |    33 |    85 ||   118
Dodge: Dodged            |    57 |   160 ||   217
